cohdb
Replays
Latest Replays
All Replays
Popular Replays
Top Player Replays
Match Explorer
How It Works
Community
CoH3 Stats
Reddit
Sign in to upload your games and track your stats! →
Sign in with Steam
Match 24145632
Unlisted
Match 24145632
Overview
Messages
Build Orders
End
Kradschützen Motorcycle Team
Panzergrenadier Squad
Construct Light Support Kompanie
Assault Grenadier Squad
Assault Grenadier Squad
Fire Support Elements
Assault Mechanized Group
Veteran Squad Leaders
Construct Panzerarmee Kommand
Vehicle Survival Package
Selects Armored Support Battlegroup
Selects Salvage Kits
Selects Veteran Gunners
Selects Panzer Storm
Panzer III L Medium Tank
Emergency Repair Kits
Tungsten Core Ammunition
Walking Stuka Rocket Launcher
Rapid Advance
Panzer III L Medium Tank
Selects Stuka Anti-tank Loiter
2.5-tonne Medical Truck
Jackie Lee
Mermelada
jodone
MINK IS GOLD
Smasher [NL]
AlexTG
Xelisc
Miffy
0
0
Comments
sign in to comment!
No comments posted yet!